Penguins vs Capitals

Created - November 20, 2018 at 22:34

Goals
1 2 3 OT1 T
Penguins 2 3 0 0 5
Capitals 0 4 1 1 6
Shots
1 2 3 OT1 T
Penguins 15 17 6 0 38
Capitals 6 14 13 4 37

1st period

1. Penguins , Bobby Ryan 6 (Steven Stamkos 17, Andrew Cogliano 8) at 10:44 (PP)
2. Penguins , Steven Stamkos 8 (Andrew Cogliano 9, Bobby Ryan 8) at 17:05

Penalties :
Wayne Simmonds (Was) for Holding (Minor) at 10:29

2nd period

3. Capitals , Patrick Marleau 3 (Joe Thornton 15) at 5:23 (PP)
4. Capitals , Blake Wheeler 8 (Joe Thornton 16, Mike Cammalleri 8) at 6:00
5. Penguins , Bobby Ryan 7 (Steven Stamkos 18, Andrew Cogliano 10) at 7:36
6. Capitals , T.J. Oshie 1 (Mikko Koivu 6, Matt Carle 2) at 11:06
7. Penguins , Steven Stamkos 9 (Duncan Keith 5, Andrew Cogliano 11) at 11:22
8. Penguins , Mika Zibanejad 2 (Dion Phaneuf 5) at 17:35
9. Capitals , Patrick Marleau 4 (Matt Carle 3, Wayne Simmonds 7) at 19:31

Penalties :
Brent Burns (Was) for Holding (Minor) at 0:22, Bobby Ryan (Pit) for Goalie Interference (Minor) at 4:37, Eric Gryba (Pit) for Tripping (Minor) at 8:06, Joe Thornton (Was) for Holding (Minor) at 11:27

3rd period

10. Capitals , Jamie Benn 1 (Shayne Gostisbehere 2) at 15:22

Penalties :
Eric Gryba (Pit) for Hooking (Minor) at 3:56, Ryan Getzlaf (Was) for Interference (Minor) at 7:19, Andrew Cogliano (Pit) for Goalie Interference (Minor) at 10:05, Dan Girardi (Was) for Slashing (Minor) at 12:41

Overtime #1

11. Capitals , Mark Stone 2 (Brent Burns 9) at 2:22

Penalties :
Joe Thornton (Was) for Hooking (Minor) at 1:56, Steven Stamkos (Pit) for Hooking (Minor) at 2:20

Goalie Stats

Brian Elliott (Pit), 31 saves from 37 shots - (0.838), OTL, 3-7-2, 62:22 minutes
Tuukka Rask (Was), 33 saves from 38 shots - (0.868), W, 9-5-0, 62:22 minutes

Players Stats for Penguins

Player Name              G  A  P  +/- PIM S  H  SB GA TA FO     MP     PP MP  PK MP  
------------------------------------------------------------------------------------
Andrew Cogliano          0  4  4   2  2   2  1  0  1  1  2/3    22:01   4:31   1:46 
Bobby Ryan               2  1  3   1  2   5  2  0  0  0  1/3    25:07   4:31   3:17 
D.J King                 0  0  0   1  0   2  0  0  1  0  0/0     7:04   0:00   0:24 
Derek Joslin             0  0  0   0  0   0  0  1  0  0  0/0    11:01   0:00   0:33 
Dion Phaneuf             0  1  1  -2  0   3  1  2  0  1  0/0    31:10   4:25   3:35 
Duncan Keith             0  1  1   1  0   1  1  0  0  0  0/0    21:03   3:46   3:08 
Eric Gryba               0  0  0   1  4   0  1  0  0  1  0/0    18:29   3:46   0:50 
Keith Aulie              0  0  0  -2  0   1  1  0  0  0  0/0    31:10   4:25   3:35 
Marcus Foligno           0  0  0  -3  0   2  0  0  2  0  1/1    11:51   0:00   0:00 
Max Pacioretty           0  0  0   0  0   1  2  0  1  0  1/1    16:44   3:40   1:27 
Mika Zibanejad           1  0  1   1  0   2  1  0  1  0  3/4     6:43   0:00   0:18 
Paul Ranger              0  0  0   0  0   1  0  0  1  1  0/0    11:54   0:00   1:45 
Riley Armstrong          0  0  0   1  0   1  0  0  0  0  0/0     6:20   0:00   0:00 
Riley Sheahan            0  0  0  -3  0   3  1  0  1  0  3/9    14:01   0:00   2:10 
Ryan Callahan            0  0  0  -4  0   4  0  0  2  0  0/1    12:07   0:00   0:00 
Sam Gagner               0  0  0   0  0   0  0  0  0  0  4/10   15:01   3:40   0:00 
Steve Downie             0  0  0   0  0   2  1  1  0  1  1/1    15:01   3:40   0:00 
Steven Stamkos           2  2  4   2  2   8  1  0  3  0  20/46  25:53   4:31   4:04 

Players Stats for Capitals

Player Name              G  A  P  +/- PIM S  H  SB GA TA FO     MP     PP MP  PK MP  
------------------------------------------------------------------------------------
Blake Wheeler            1  0  1  -1  0   3  1  1  1  2  2/2    20:21   3:39   1:55 
Brent Burns              0  1  1  -2  2   3  4  0  0  4  0/0    29:42   4:22   4:06 
Christian Ehrhoff        0  0  0   3  0   1  3  0  0  0  0/0    22:07   2:00   3:25 
Dan Girardi              0  0  0   0  2   2  1  0  0  1  0/0    10:24   0:21   0:00 
David Krejci             0  0  0   0  0   2  0  0  0  1  3/5     6:34   0:00   1:21 
Eric Fehr                0  0  0   0  0   0  0  0  0  0  0/0     5:13   0:00   0:00 
Erik Karlsson            0  0  0  -2  0   3  1  3  0  1  0/0    31:00   4:22   5:23 
Jamie Benn               1  0  1   2  0   1  0  0  0  1  1/1    15:12   0:00   2:47 
Joe Thornton             0  2  2  -1  4   6  0  0  1  1  17/34  27:16   2:45   3:17 
Mark Stone               1  0  1   1  0   1  0  0  0  0  1/2     2:13   1:08   0:00 
Matt Carle               0  2  2   3  0   1  1  0  2  0  0/0    21:04   2:00   3:12 
Mike Cammalleri          0  1  1   0  0   5  1  0  1  1  1/1    24:15   3:25   4:31 
Mikko Koivu              0  1  1   2  0   0  2  0  0  0  7/13   11:50   0:00   0:22 
Patrick Marleau          2  0  2  -1  0   2  1  0  0  0  0/0    17:30   3:04   1:17 
Ryan Getzlaf             0  0  0  -1  2   3  1  0  0  0  11/19  17:54   3:04   1:16 
Shayne Gostisbehere      0  1  1   0  0   0  1  1  0  0  0/0    11:22   0:21   1:04 
T.J. Oshie               1  0  1   2  0   3  1  0  0  0  0/0    11:28   0:00   0:00 
Wayne Simmonds           0  1  1  -1  2   1  3  0  0  1  0/2    15:22   3:04   0:00 

3 Stars

1 - Steven Stamkos (Pit)
2 - Bobby Ryan (Pit)
3 - Andrew Cogliano (Pit)

Power Play

Penguins - 1 on 6 Attempt(s) - 16.67%
Capitals - 1 on 5 Attempt(s) - 20.00%

Penalty Kill

Penguins - 4 on 5 Attempt(s) - 80.00% - Score 0 goal in Penalty Kill
Capitals - 5 on 6 Attempt(s) - 83.33% - Score 0 goal in Penalty Kill

Team Stat

Penguins - Hits : 13 - Faceoff Wins : 36 - Blocked Shots : 4 - Penalty Minutes : 10
Capitals - Hits : 21 - Faceoff Wins : 43 - Blocked Shots : 5 - Penalty Minutes : 12

Official

Referees : Unknown
Linesman : Unknown

Game Notes

No Game Note

Finance

Level 1 -- Attendance: 5809 (96.82%) -- Ticket Income $476,338
Level 2 -- Attendance: 4990 (99.80%) -- Ticket Income $234,530
Level 3 -- Attendance: 2000 (100.00%) -- Ticket Income $64,000
Level 4 -- Attendance: 4000 (100.00%) -- Ticket Income $84,000
Luxury Box -- Attendance: 728 (72.80%) -- Ticket Income $122,304
Game was played at the Verizon Center.
Total Attendance: 17527 (97.37%)
Total Ticket Income: $981,172
Other Income: $147,176
Total Income: $1,128,348

Penguins

5 vs 5 Forward 
   Center                   Left Wing                Right Wing               Time % Phy DF OF 
 1 Steven Stamkos           Andrew Cogliano          Bobby Ryan               40     1   2  2  
 2 Sam Gagner               Max Pacioretty           Steve Downie             30     1   2  2  
 3 Riley Sheahan            Marcus Foligno           Ryan Callahan            20     1   2  2  
 4 Mika Zibanejad           D.J King                 Riley Armstrong          10     1   2  2  

5 vs 5 Defense 
   Defense                  Defense                                           Time % Phy DF OF 
 1 Dion Phaneuf             Keith Aulie                                       40     1   2  2  
 2 Duncan Keith             Eric Gryba                                        30     1   2  2  
 3 Derek Joslin             Paul Ranger                                       20     1   2  2  
 4 Dion Phaneuf             Keith Aulie                                       10     1   2  2  

PowerPlay Forward 
   Center                   Left Wing                Right Wing               Time % Phy DF OF 
 1 Steven Stamkos           Andrew Cogliano          Bobby Ryan               60     1   2  2  
 2 Sam Gagner               Max Pacioretty           Steve Downie             40     1   2  2  

PowerPlay Defense
   Defense                  Defense                                           Time % Phy DF OF 
 1 Dion Phaneuf             Keith Aulie                                       60     1   2  2  
 2 Duncan Keith             Eric Gryba                                        40     1   2  2  

Penalty Kill 4 Players Forward 
   Center                   Wing                     Time % Phy DF OF 
 1 Steven Stamkos           Bobby Ryan               60     1   2  2  
 2 Andrew Cogliano          Max Pacioretty           40     1   2  2  

Penalty Kill 4 Players Defense
   Defense                  Defense                  Time % Phy DF OF 
 1 Dion Phaneuf             Keith Aulie              60     1   2  2  
 2 Duncan Keith             Eric Gryba               40     1   2  2  

Penalty Kill - 3 Players Forward 
   Forward                                           Time % Phy DF OF 
 1 Steven Stamkos                                    60     1   2  2  
 2 Bobby Ryan                                        40     1   2  2  

Penalty Kill - 3 Players Defense
   Defense                  Defense                  Time % Phy DF OF 
 1 Dion Phaneuf             Keith Aulie              60     1   2  2  
 2 Duncan Keith             Eric Gryba               40     1   2  2  

4 vs 4 Forward 
   Center                   Wing                     Time % Phy DF OF 
 1 Steven Stamkos           Bobby Ryan               60     1   2  2  
 2 Andrew Cogliano          Max Pacioretty           40     1   2  2  

4 vs 4 Defense
   Defense                  Defense                  Time % Phy DF OF 
 1 Dion Phaneuf             Keith Aulie              60     1   2  2  
 2 Duncan Keith             Eric Gryba               40     1   2  2  

Last Minutes Offensive
   Center                   Left Wing                Right Wing               Defense                  Defense                  
   Steven Stamkos           Andrew Cogliano          Bobby Ryan               Dion Phaneuf             Keith Aulie              

Last Minutes Defensive
   Center                   Left Wing                Right Wing               Defense                  Defense                  
   Steven Stamkos           Andrew Cogliano          Bobby Ryan               Dion Phaneuf             Keith Aulie              

Goaltenders
Starting : Brian Elliott            
Backup : Josh Tordjman            

Extra Forwards
Normal : Ryan Callahan, D.J King, Riley Sheahan - PP : Ryan Callahan, D.J King - PK : Riley Sheahan
Extra Defensemen
Normal : Eric Gryba, Paul Ranger, Keith Aulie - PP : Eric Gryba - PK : Paul Ranger, Keith Aulie
Penalty Shots
Steven Stamkos, Bobby Ryan, Andrew Cogliano, Max Pacioretty, Steve Downie

Scratches
Dominic Moore (Healthy), Sean Zimmerman (Strained Right Elbow Injury)

Capitals

5 vs 5 Forward 
   Center                   Left Wing                Right Wing               Time % Phy DF OF 
 1 Joe Thornton             Mike Cammalleri          Blake Wheeler            40     1   2  2  
 2 Ryan Getzlaf             Patrick Marleau          Wayne Simmonds           30     1   2  2  
 3 Mikko Koivu              Jamie Benn               T.J. Oshie               20     1   2  2  
 4 David Krejci             Joe Thornton             Eric Fehr                10     1   2  2  

5 vs 5 Defense 
   Defense                  Defense                                           Time % Phy DF OF 
 1 Brent Burns              Erik Karlsson                                     40     1   2  2  
 2 Christian Ehrhoff        Matt Carle                                        30     1   2  2  
 3 Dan Girardi              Shayne Gostisbehere                               20     1   2  2  
 4 Brent Burns              Erik Karlsson                                     10     1   2  2  

PowerPlay Forward 
   Center                   Left Wing                Right Wing               Time % Phy DF OF 
 1 Joe Thornton             Mike Cammalleri          Blake Wheeler            60     1   2  2  
 2 Ryan Getzlaf             Patrick Marleau          Wayne Simmonds           40     1   2  2  

PowerPlay Defense
   Defense                  Defense                                           Time % Phy DF OF 
 1 Brent Burns              Erik Karlsson                                     60     1   2  2  
 2 Christian Ehrhoff        Matt Carle                                        40     1   2  2  

Penalty Kill 4 Players Forward 
   Center                   Wing                     Time % Phy DF OF 
 1 Joe Thornton             Mike Cammalleri          60     1   2  2  
 2 Blake Wheeler            Ryan Getzlaf             40     1   2  2  

Penalty Kill 4 Players Defense
   Defense                  Defense                  Time % Phy DF OF 
 1 Brent Burns              Erik Karlsson            60     1   2  2  
 2 Christian Ehrhoff        Matt Carle               40     1   2  2  

Penalty Kill - 3 Players Forward 
   Forward                                           Time % Phy DF OF 
 1 Joe Thornton                                      60     1   2  2  
 2 Mike Cammalleri                                   40     1   2  2  

Penalty Kill - 3 Players Defense
   Defense                  Defense                  Time % Phy DF OF 
 1 Brent Burns              Erik Karlsson            60     1   2  2  
 2 Christian Ehrhoff        Matt Carle               40     1   2  2  

4 vs 4 Forward 
   Center                   Wing                     Time % Phy DF OF 
 1 Joe Thornton             Mike Cammalleri          60     1   2  2  
 2 Blake Wheeler            Ryan Getzlaf             40     1   2  2  

4 vs 4 Defense
   Defense                  Defense                  Time % Phy DF OF 
 1 Brent Burns              Erik Karlsson            60     1   2  2  
 2 Christian Ehrhoff        Matt Carle               40     1   2  2  

Last Minutes Offensive
   Center                   Left Wing                Right Wing               Defense                  Defense                  
   Joe Thornton             Mike Cammalleri          Blake Wheeler            Brent Burns              Erik Karlsson            

Last Minutes Defensive
   Center                   Left Wing                Right Wing               Defense                  Defense                  
   Joe Thornton             Mike Cammalleri          Blake Wheeler            Brent Burns              Erik Karlsson            

Goaltenders
Starting : Tuukka Rask              
Backup : Ilya Bryzgalov           

Extra Forwards
Normal : Mark Stone, Mikko Koivu, Jamie Benn - PP : Mark Stone, Mikko Koivu - PK : Jamie Benn
Extra Defensemen
Normal : Dan Girardi, Shayne Gostisbehere, Christian Ehrhoff - PP : Dan Girardi - PK : Shayne Gostisbehere, Christian Ehrhoff
Penalty Shots
Joe Thornton, Mike Cammalleri, Blake Wheeler, Ryan Getzlaf, Wayne Simmonds

Scratches
Scott Hartnell (Head Injury), Sergei Bobrovsky (Healthy)

% Time on Ice - Penguins

Lines # - Real PCT - Wanted PCT - Time Play
Normal Forward
1 - 35% - 40% - 15:34
2 - 25% - 30% - 11:21
3 - 26% - 20% - 11:51
4 - 14% - 10% - 6:20
Normal Defense
1 - 43% - 40% - 19:16
2 - 29% - 30% - 13:18
3 - 23% - 20% - 10:09
4 - 5% - 10% - 2:23
PP Forward
1 - 55% - 60% - 4:31
2 - 45% - 40% - 3:40
PP Defense
1 - 54% - 60% - 4:25
2 - 46% - 40% - 3:46
PK Forward
1 - 78% - 60% - 5:16
2 - 22% - 40% - 1:27
PK Defense
1 - 53% - 60% - 3:35
2 - 47% - 40% - 3:08
PK3 Forward
1 - 0% - 60%
2 - 0% - 40%
PK3 Defense
1 - 0% - 60%
2 - 0% - 40%
44 Forward
1 - 89% - 60% - 2:06
2 - 11% - 40% - 0:16
44 Defense
1 - 64% - 60% - 1:31
2 - 36% - 40% - 0:51
Last Minute Offensive  - 0:00
Last Minute Defensive  - 0:00
Total
Forward - 62:22
Defense - 62:22

% Time on Ice - Capitals

Lines # - Real PCT - Wanted PCT - Time Play
Normal Forward
1 - 35% - 40% - 15:52
2 - 28% - 30% - 12:33
3 - 25% - 20% - 11:28
4 - 12% - 10% - 5:13
Normal Defense
1 - 41% - 40% - 18:30
2 - 34% - 30% - 15:10
3 - 22% - 20% - 9:43
4 - 4% - 10% - 1:43
PP Forward
1 - 54% - 60% - 3:39
2 - 46% - 40% - 3:04
PP Defense
1 - 70% - 60% - 4:43
2 - 30% - 40% - 2:00
PK Forward
1 - 77% - 60% - 6:16
2 - 23% - 40% - 1:55
PK Defense
1 - 61% - 60% - 4:59
2 - 39% - 40% - 3:12
PK3 Forward
1 - 100% - 60% - 0:24
2 - 0% - 40% - 0:00
PK3 Defense
1 - 100% - 60% - 0:24
2 - 0% - 40% - 0:00
44 Forward
1 - 83% - 60% - 1:38
2 - 17% - 40% - 0:20
44 Defense
1 - 64% - 60% - 1:16
2 - 36% - 40% - 0:42
Last Minute Offensive  - 0:00
Last Minute Defensive  - 0:00
Total
Forward - 62:22
Defense - 62:22

Play by Play

1st period


0:01 of 1st period - Steven Stamkos wins face-off versus Joe Thornton in neutral zone.
0:49 of 1st period - Slapshot by Erik Karlsson.
0:49 of 1st period - Shot Misses the Net.
1:15 of 1st period - Snap shot by Ryan Callahan.
1:15 of 1st period - Stopped by Tuukka Rask with a rebound.
1:44 of 1st period - Wrist shot by Andrew Cogliano.
1:44 of 1st period - Stopped by Tuukka Rask with a rebound.
1:58 of 1st period - Snap shot by Ryan Getzlaf.
1:58 of 1st period - Stopped by Brian Elliott without a rebound.
1:59 of 1st period - Mika Zibanejad wins face-off versus Ryan Getzlaf in Penguins zone.
2:04 of 1st period - Wrist shot by Dion Phaneuf.
2:04 of 1st period - Shot Blocked by Shayne Gostisbehere.
2:06 of 1st period - Slapshot by Dion Phaneuf.
2:06 of 1st period - Shot Misses the Net.
2:08 of 1st period - Snap shot by Keith Aulie.
2:08 of 1st period - Stopped by Tuukka Rask with a rebound.
2:10 of 1st period - Wrist shot by Riley Armstrong.
2:10 of 1st period - Shot Misses the Net.
2:12 of 1st period - Slapshot by Dion Phaneuf.
2:12 of 1st period - Stopped by Tuukka Rask without a rebound.
2:13 of 1st period - Steven Stamkos wins face-off versus Mikko Koivu in Capitals zone.
2:42 of 1st period - Wrist shot by Max Pacioretty.
2:42 of 1st period - Shot Blocked by Blake Wheeler.
3:06 of 1st period - Wrist shot by D.J King.
3:06 of 1st period - Stopped by Tuukka Rask without a rebound.
3:07 of 1st period - Mika Zibanejad wins face-off versus Wayne Simmonds in Capitals zone.
3:12 of 1st period - Snap shot by Riley Armstrong.
3:12 of 1st period - Stopped by Tuukka Rask with a rebound.
4:20 of 1st period - Snap shot by Wayne Simmonds.
4:20 of 1st period - Stopped by Brian Elliott with a rebound.
4:32 of 1st period - David Krejci is hit by Eric Gryba and loses puck.
4:39 of 1st period - Snap shot by Mika Zibanejad.
4:39 of 1st period - Deflect By Riley Armstrong.
4:39 of 1st period - Shot Misses the Net.
4:39 of 1st period - Puck is out of play.
4:40 of 1st period - Steven Stamkos wins face-off versus Mikko Koivu in Capitals zone.
5:58 of 1st period - Snap shot by T.J. Oshie.
5:58 of 1st period - Shot Misses the Net.
7:05 of 1st period - Ryan Getzlaf is hit by Duncan Keith and loses puck.
7:28 of 1st period - Slapshot by D.J King.
7:28 of 1st period - Stopped by Tuukka Rask with a rebound.
8:01 of 1st period - Snap shot by Ryan Callahan.
8:01 of 1st period - Stopped by Tuukka Rask with a rebound.
8:03 of 1st period - Snap shot by Riley Sheahan.
8:03 of 1st period - Stopped by Tuukka Rask with a rebound.
8:05 of 1st period - Snap shot by Marcus Foligno.
8:05 of 1st period - Deflect By Ryan Callahan.
8:05 of 1st period - Stopped by Tuukka Rask with a rebound.
8:20 of 1st period - Slapshot by Mike Cammalleri.
8:20 of 1st period - Stopped by Brian Elliott without a rebound.
8:21 of 1st period - Steven Stamkos wins face-off versus Ryan Getzlaf in Penguins zone.
8:46 of 1st period - Bobby Ryan is hit by Blake Wheeler and loses puck.
9:11 of 1st period - Sam Gagner is hit by Dan Girardi and loses puck.
9:26 of 1st period - Ryan Callahan is hit by Patrick Marleau and loses puck.
10:16 of 1st period - Icing by Eric Gryba.
10:17 of 1st period - Riley Sheahan wins face-off versus Ryan Getzlaf in Penguins zone.
10:29 of 1st period - Minor Penalty to Wayne Simmonds for Holding.
10:30 of 1st period - Steven Stamkos wins face-off versus Joe Thornton in Capitals zone.
10:44 of 1st period - Snap shot by Bobby Ryan.
10:44 of 1st period - Goal by Bobby Ryan - Penguins : 1 - Capitals : 0.
10:45 of 1st period - Joe Thornton wins face-off versus Steven Stamkos in neutral zone.
10:54 of 1st period - Slapshot by Dion Phaneuf.
10:54 of 1st period - Shot Blocked by Erik Karlsson.
11:16 of 1st period - Slapshot by Marcus Foligno.
11:16 of 1st period - Stopped by Tuukka Rask without a rebound.
11:17 of 1st period - Riley Sheahan wins face-off versus Ryan Getzlaf in Capitals zone.
12:58 of 1st period - Icing by Shayne Gostisbehere.
12:59 of 1st period - David Krejci wins face-off versus Steven Stamkos in Capitals zone.
13:06 of 1st period - Joe Thornton is hit by Bobby Ryan and loses puck.
13:11 of 1st period - Backhand shot by Steven Stamkos.
13:11 of 1st period - Stopped by Tuukka Rask without a rebound.
13:12 of 1st period - Steven Stamkos wins face-off versus Joe Thornton in Capitals zone.
14:00 of 1st period - Snap shot by Jamie Benn.
14:00 of 1st period - Shot Misses the Net.
14:02 of 1st period - Backhand shot by Erik Karlsson.
14:02 of 1st period - Stopped by Brian Elliott without a rebound.
14:03 of 1st period - Mikko Koivu wins face-off versus Steven Stamkos in Penguins zone.
14:18 of 1st period - Matt Carle is hit by Bobby Ryan and loses puck.
14:29 of 1st period - Mike Cammalleri is hit by Max Pacioretty and loses puck.
14:40 of 1st period - Snap shot by Joe Thornton.
14:40 of 1st period - Stopped by Brian Elliott without a rebound.
14:41 of 1st period - Ryan Getzlaf wins face-off versus Steven Stamkos in Penguins zone.
15:18 of 1st period - Wrist shot by Max Pacioretty.
15:18 of 1st period - Shot Misses the Net.
15:28 of 1st period - Wrist shot by T.J. Oshie.
15:28 of 1st period - Shot Misses the Net.
15:32 of 1st period - Wrist shot by Jamie Benn.
15:32 of 1st period - Shot Blocked by Dion Phaneuf.
15:34 of 1st period - Slapshot by Dan Girardi.
15:34 of 1st period - Deflect By Jamie Benn.
15:34 of 1st period - Shot Misses the Net.
15:34 of 1st period - Puck is out of play.
15:35 of 1st period - Joe Thornton wins face-off versus Steven Stamkos in Penguins zone.
15:38 of 1st period - Wrist shot by Joe Thornton.
15:38 of 1st period - Shot Misses the Net.
15:41 of 1st period - Icing by Andrew Cogliano.
15:42 of 1st period - Blake Wheeler wins face-off versus Steven Stamkos in Penguins zone.
16:03 of 1st period - Keith Aulie is hit by Brent Burns and loses puck.
17:05 of 1st period - Snap shot by Steven Stamkos.
17:05 of 1st period - Goal by Steven Stamkos - Penguins : 2 - Capitals : 0.
17:06 of 1st period - Steve Downie wins face-off versus Ryan Getzlaf in neutral zone.
18:19 of 1st period - Dion Phaneuf is hit by Wayne Simmonds and loses puck.
18:40 of 1st period - Snap shot by T.J. Oshie.
18:40 of 1st period - Stopped by Brian Elliott without a rebound.
18:41 of 1st period - Riley Sheahan wins face-off versus Mikko Koivu in Penguins zone.
19:27 of 1st period - Matt Carle is hit by Andrew Cogliano and loses puck.
19:44 of 1st period - Wrist shot by Steven Stamkos.
19:44 of 1st period - Shot Misses the Net.
19:52 of 1st period - Slapshot by Mika Zibanejad.
19:52 of 1st period - Stopped by Tuukka Rask with a rebound.
Goals for this period are 2 for Penguins vs 0 for Capitals.
Shots for this period are 15 for Penguins vs 6 for Capitals.

2nd period


0:01 of 2nd period - Joe Thornton wins face-off versus Sam Gagner in neutral zone.
0:22 of 2nd period - Minor Penalty to Brent Burns for Holding.
0:23 of 2nd period - Steven Stamkos wins face-off versus Joe Thornton in Capitals zone.
0:28 of 2nd period - Wrist shot by Bobby Ryan.
0:28 of 2nd period - Stopped by Tuukka Rask without a rebound.
0:29 of 2nd period - Joe Thornton wins face-off versus Steven Stamkos in Capitals zone.
0:44 of 2nd period - Slapshot by Dion Phaneuf.
0:44 of 2nd period - Shot Misses the Net.
0:46 of 2nd period - Wrist shot by Steven Stamkos.
0:46 of 2nd period - Shot Misses the Net.
1:48 of 2nd period - Snap shot by Erik Karlsson.
1:48 of 2nd period - Stopped by Brian Elliott with a rebound.
2:22 of 2nd period - Penalty to Brent Burns is over, Brent Burns is back on ice.
2:42 of 2nd period - Marcus Foligno is hit by Christian Ehrhoff and loses puck.
2:59 of 2nd period - Wrist shot by Riley Sheahan.
2:59 of 2nd period - Deflect By Ryan Callahan.
2:59 of 2nd period - Stopped by Tuukka Rask with a rebound.
3:01 of 2nd period - Snap shot by Marcus Foligno.
3:01 of 2nd period - Deflect By Riley Sheahan.
3:01 of 2nd period - Stopped by Tuukka Rask with a rebound.
3:03 of 2nd period - Snap shot by Derek Joslin.
3:03 of 2nd period - Shot Blocked by Erik Karlsson.
3:05 of 2nd period - Slapshot by Derek Joslin.
3:05 of 2nd period - Shot Misses the Net.
3:07 of 2nd period - Wrist shot by Riley Sheahan.
3:07 of 2nd period - Shot Misses the Net.
3:09 of 2nd period - Snap shot by Riley Sheahan.
3:09 of 2nd period - Stopped by Tuukka Rask with a rebound.
3:11 of 2nd period - Slapshot by Paul Ranger.
3:11 of 2nd period - Stopped by Tuukka Rask without a rebound.
3:12 of 2nd period - Mika Zibanejad wins face-off versus Joe Thornton in Capitals zone.
3:27 of 2nd period - Wrist shot by Joe Thornton.
3:27 of 2nd period - Deflect By Blake Wheeler.
3:27 of 2nd period - Shot Misses the Net.
3:27 of 2nd period - Puck is out of play.
3:28 of 2nd period - Steven Stamkos wins face-off versus David Krejci in Penguins zone.
3:36 of 2nd period - Icing by Dan Girardi.
3:37 of 2nd period - David Krejci wins face-off versus Steven Stamkos in Capitals zone.
3:50 of 2nd period - Snap shot by David Krejci.
3:50 of 2nd period - Stopped by Brian Elliott with a rebound.
3:52 of 2nd period - Slapshot by Dan Girardi.
3:52 of 2nd period - Stopped by Brian Elliott with a rebound.
3:54 of 2nd period - Wrist shot by Joe Thornton.
3:54 of 2nd period - Stopped by Brian Elliott without a rebound.
3:55 of 2nd period - Ryan Getzlaf wins face-off versus Sam Gagner in Penguins zone.
4:37 of 2nd period - Minor Penalty to Bobby Ryan for Goalie Interference.
4:38 of 2nd period - Joe Thornton wins face-off versus Steven Stamkos in Penguins zone.
4:39 of 2nd period - Snap shot by Mike Cammalleri.
4:39 of 2nd period - Stopped by Brian Elliott without a rebound.
4:40 of 2nd period - Steven Stamkos wins face-off versus Joe Thornton in Penguins zone.
4:46 of 2nd period - Icing by Erik Karlsson.
4:47 of 2nd period - Joe Thornton wins face-off versus Steven Stamkos in Capitals zone.
5:21 of 2nd period - Slapshot by Patrick Marleau.
5:21 of 2nd period - Shot Misses the Net.
5:23 of 2nd period - Wrist shot by Patrick Marleau.
5:23 of 2nd period - Goal by Patrick Marleau - Penguins : 2 - Capitals : 1.
5:24 of 2nd period - Joe Thornton wins face-off versus Sam Gagner in neutral zone.
5:58 of 2nd period - Backhand shot by Joe Thornton.
5:58 of 2nd period - Stopped by Brian Elliott with a rebound.
6:00 of 2nd period - Wrist shot by Blake Wheeler.
6:00 of 2nd period - Goal by Blake Wheeler - Penguins : 2 - Capitals : 2.
6:01 of 2nd period - Ryan Getzlaf wins face-off versus Steven Stamkos in neutral zone.
6:12 of 2nd period - Slapshot by Bobby Ryan.
6:12 of 2nd period - Stopped by Tuukka Rask without a rebound.
6:13 of 2nd period - Ryan Getzlaf wins face-off versus Steven Stamkos in Capitals zone.
6:20 of 2nd period - Snap shot by Steven Stamkos.
6:20 of 2nd period - Stopped by Tuukka Rask without a rebound.
6:21 of 2nd period - Steven Stamkos wins face-off versus Wayne Simmonds in Capitals zone.
6:36 of 2nd period - Snap shot by Steven Stamkos.
6:36 of 2nd period - Shot Misses the Net.
6:44 of 2nd period - Wrist shot by Andrew Cogliano.
6:44 of 2nd period - Shot Misses the Net.
6:46 of 2nd period - Wrist shot by Dion Phaneuf.
6:46 of 2nd period - Deflect By Andrew Cogliano.
6:46 of 2nd period - Stopped by Tuukka Rask with a rebound.
6:48 of 2nd period - Wrist shot by Bobby Ryan.
6:48 of 2nd period - Shot Misses the Net.
7:36 of 2nd period - Wrist shot by Bobby Ryan.
7:36 of 2nd period - Goal by Bobby Ryan - Penguins : 3 - Capitals : 2.
7:37 of 2nd period - Joe Thornton wins face-off versus Sam Gagner in neutral zone.
7:52 of 2nd period - Slapshot by Duncan Keith.
7:52 of 2nd period - Deflect By Steve Downie.
7:52 of 2nd period - Stopped by Tuukka Rask without a rebound.
7:53 of 2nd period - Mikko Koivu wins face-off versus Riley Sheahan in Capitals zone.
8:03 of 2nd period - Icing by Matt Carle.
8:04 of 2nd period - Sam Gagner wins face-off versus Mikko Koivu in Capitals zone.
8:06 of 2nd period - Minor Penalty to Eric Gryba for Tripping.
8:07 of 2nd period - Steven Stamkos wins face-off versus Joe Thornton in Penguins zone.
8:39 of 2nd period - Icing by Ryan Getzlaf.
8:40 of 2nd period - Steven Stamkos wins face-off versus Ryan Getzlaf in Capitals zone.
9:09 of 2nd period - Matt Carle is hit by Steven Stamkos and loses puck.
10:06 of 2nd period - Penalty to Eric Gryba is over, Eric Gryba is back on ice.
10:19 of 2nd period - Icing by Matt Carle.
10:20 of 2nd period - Mikko Koivu wins face-off versus Sam Gagner in Capitals zone.
11:06 of 2nd period - Slapshot by T.J. Oshie.
11:06 of 2nd period - Goal by T.J. Oshie - Penguins : 3 - Capitals : 3.
11:07 of 2nd period - Steven Stamkos wins face-off versus Joe Thornton in neutral zone.
11:16 of 2nd period - Snap shot by Andrew Cogliano.
11:16 of 2nd period - Shot Blocked by Erik Karlsson.
11:18 of 2nd period - Slapshot by Duncan Keith.
11:18 of 2nd period - Stopped by Tuukka Rask with a rebound.
11:20 of 2nd period - Slapshot by Steven Stamkos.
11:20 of 2nd period - Stopped by Tuukka Rask with a rebound.
11:22 of 2nd period - Snap shot by Steven Stamkos.
11:22 of 2nd period - Goal by Steven Stamkos - Penguins : 4 - Capitals : 3.
11:23 of 2nd period - Steven Stamkos wins face-off versus Joe Thornton in neutral zone.
11:27 of 2nd period - Minor Penalty to Joe Thornton for Holding.
11:28 of 2nd period - Mike Cammalleri wins face-off versus Steven Stamkos in Capitals zone.
11:55 of 2nd period - Sam Gagner is hit by Mike Cammalleri and loses puck.
13:27 of 2nd period - Penalty to Joe Thornton is over, Joe Thornton is back on ice.
13:35 of 2nd period - Ryan Getzlaf is hit by Max Pacioretty and loses puck.
13:46 of 2nd period - Marcus Foligno is hit by Mikko Koivu.
14:16 of 2nd period - Shayne Gostisbehere is hit by Dion Phaneuf and loses puck.
14:27 of 2nd period - Wrist shot by Ryan Getzlaf.
14:27 of 2nd period - Stopped by Brian Elliott with a rebound.
14:57 of 2nd period - Eric Gryba is hit by Erik Karlsson and loses puck.
15:16 of 2nd period - Derek Joslin is hit by T.J. Oshie and loses puck.
15:33 of 2nd period - Ryan Callahan is hit by Wayne Simmonds and loses puck.
16:16 of 2nd period - Icing by David Krejci.
16:17 of 2nd period - Steven Stamkos wins face-off versus Mikko Koivu in Capitals zone.
16:24 of 2nd period - Snap shot by Bobby Ryan.
16:24 of 2nd period - Shot Misses the Net.
16:30 of 2nd period - Snap shot by Andrew Cogliano.
16:30 of 2nd period - Shot Misses the Net.
16:32 of 2nd period - Wrist shot by Andrew Cogliano.
16:32 of 2nd period - Shot Misses the Net.
17:04 of 2nd period - Steve Downie is hit by Christian Ehrhoff and loses puck.
17:09 of 2nd period - Backhand shot by Joe Thornton.
17:09 of 2nd period - Shot Misses the Net.
17:23 of 2nd period - Off-side.
17:24 of 2nd period - Ryan Getzlaf wins face-off versus Mika Zibanejad in neutral zone.
17:35 of 2nd period - Wrist shot by Mika Zibanejad.
17:35 of 2nd period - Goal by Mika Zibanejad - Penguins : 5 - Capitals : 3.
17:36 of 2nd period - Steven Stamkos wins face-off versus Joe Thornton in neutral zone.
17:38 of 2nd period - Off-side.
17:39 of 2nd period - Andrew Cogliano wins face-off versus Joe Thornton in neutral zone.
17:42 of 2nd period - Snap shot by Steven Stamkos.
17:42 of 2nd period - Stopped by Tuukka Rask with a rebound.
17:52 of 2nd period - Snap shot by Blake Wheeler.
17:52 of 2nd period - Stopped by Brian Elliott without a rebound.
17:53 of 2nd period - Steven Stamkos wins face-off versus Joe Thornton in Penguins zone.
18:01 of 2nd period - Keith Aulie is hit by Brent Burns and loses puck.
18:24 of 2nd period - Slapshot by Erik Karlsson.
18:24 of 2nd period - Deflect By Max Pacioretty.
18:24 of 2nd period - Stopped by Brian Elliott without a rebound.
18:25 of 2nd period - Sam Gagner wins face-off versus Ryan Getzlaf in Penguins zone.
18:35 of 2nd period - Off-side.
18:36 of 2nd period - Steven Stamkos wins face-off versus Joe Thornton in neutral zone.
19:13 of 2nd period - Off-side.
19:14 of 2nd period - Ryan Getzlaf wins face-off versus Steven Stamkos in neutral zone.
19:17 of 2nd period - Backhand shot by Christian Ehrhoff.
19:17 of 2nd period - Deflect By Ryan Getzlaf.
19:17 of 2nd period - Shot Hit the Post.
19:17 of 2nd period - Puck is out of play.
19:18 of 2nd period - Ryan Getzlaf wins face-off versus Steven Stamkos in Penguins zone.
19:25 of 2nd period - Wrist shot by Wayne Simmonds.
19:25 of 2nd period - Shot Misses the Net.
19:27 of 2nd period - Slapshot by Matt Carle.
19:27 of 2nd period - Stopped by Brian Elliott with a rebound.
19:29 of 2nd period - Snap shot by Patrick Marleau.
19:29 of 2nd period - Shot Misses the Net.
19:31 of 2nd period - Snap shot by Patrick Marleau.
19:31 of 2nd period - Goal by Patrick Marleau - Penguins : 5 - Capitals : 4.
19:32 of 2nd period - Blake Wheeler wins face-off versus Steven Stamkos in neutral zone.
19:47 of 2nd period - Wrist shot by Steven Stamkos.
19:47 of 2nd period - Stopped by Tuukka Rask with a rebound.
19:49 of 2nd period - Snap shot by Bobby Ryan.
19:49 of 2nd period - Stopped by Tuukka Rask with a rebound.
19:59 of 2nd period - Erik Karlsson is hit by Steve Downie.
Goals for this period are 3 for Penguins vs 4 for Capitals.
Shots for this period are 17 for Penguins vs 14 for Capitals.

3rd period


0:01 of 3rd period - Max Pacioretty wins face-off versus Joe Thornton in neutral zone.
0:16 of 3rd period - Snap shot by Max Pacioretty.
0:16 of 3rd period - Stopped by Tuukka Rask without a rebound.
0:17 of 3rd period - Ryan Getzlaf wins face-off versus Steven Stamkos in Capitals zone.
1:38 of 3rd period - Paul Ranger is hit by Wayne Simmonds.
1:52 of 3rd period - Slapshot by David Krejci.
1:52 of 3rd period - Deflect By Andrew Cogliano.
1:52 of 3rd period - Shot Misses the Net.
1:52 of 3rd period - Puck is out of play.
1:53 of 3rd period - Steven Stamkos wins face-off versus David Krejci in Penguins zone.
1:59 of 3rd period - Icing by Joe Thornton.
2:00 of 3rd period - David Krejci wins face-off versus Steven Stamkos in Capitals zone.
2:22 of 3rd period - Backhand shot by Eric Fehr.
2:22 of 3rd period - Shot Misses the Net.
2:32 of 3rd period - Max Pacioretty is hit by Christian Ehrhoff and loses puck.
3:56 of 3rd period - Minor Penalty to Eric Gryba for Hooking.
3:57 of 3rd period - Ryan Getzlaf wins face-off versus Steven Stamkos in Penguins zone.
4:01 of 3rd period - Wrist shot by Wayne Simmonds.
4:01 of 3rd period - Deflect By Steven Stamkos.
4:01 of 3rd period - Shot Misses the Net.
4:01 of 3rd period - Puck is out of play.
4:02 of 3rd period - Ryan Getzlaf wins face-off versus Bobby Ryan in Penguins zone.
5:02 of 3rd period - Dion Phaneuf is hit by Brent Burns.
5:56 of 3rd period - Penalty to Eric Gryba is over, Eric Gryba is back on ice.
6:09 of 3rd period - Off-side.
6:10 of 3rd period - Sam Gagner wins face-off versus Mikko Koivu in neutral zone.
6:13 of 3rd period - Snap shot by Steve Downie.
6:13 of 3rd period - Stopped by Tuukka Rask with a rebound.
6:15 of 3rd period - Slapshot by Dion Phaneuf.
6:15 of 3rd period - Stopped by Tuukka Rask with a rebound.
6:17 of 3rd period - Backhand shot by Dion Phaneuf.
6:17 of 3rd period - Stopped by Tuukka Rask with a rebound.
6:19 of 3rd period - Slapshot by Dion Phaneuf.
6:19 of 3rd period - Shot Misses the Net.
6:21 of 3rd period - Slapshot by Dion Phaneuf.
6:21 of 3rd period - Shot Misses the Net.
6:27 of 3rd period - Max Pacioretty is hit by Mikko Koivu and loses puck.
6:36 of 3rd period - Backhand shot by T.J. Oshie.
6:36 of 3rd period - Shot Misses the Net.
6:38 of 3rd period - Snap shot by Dan Girardi.
6:38 of 3rd period - Deflect By Mikko Koivu.
6:38 of 3rd period - Shot Misses the Net.
6:38 of 3rd period - Puck is out of play.
6:39 of 3rd period - Joe Thornton wins face-off versus Steven Stamkos in Penguins zone.
6:42 of 3rd period - Wrist shot by Joe Thornton.
6:42 of 3rd period - Stopped by Brian Elliott with a rebound.
6:46 of 3rd period - Snap shot by Shayne Gostisbehere.
6:46 of 3rd period - Shot Misses the Net.
6:48 of 3rd period - Slapshot by Joe Thornton.
6:48 of 3rd period - Shot Misses the Net.
7:19 of 3rd period - Minor Penalty to Ryan Getzlaf for Interference.
7:20 of 3rd period - Joe Thornton wins face-off versus Andrew Cogliano in Capitals zone.
7:34 of 3rd period - Slapshot by Keith Aulie.
7:34 of 3rd period - Shot Misses the Net.
7:36 of 3rd period - Slapshot by Steven Stamkos.
7:36 of 3rd period - Stopped by Tuukka Rask with a rebound.
8:03 of 3rd period - Snap shot by Blake Wheeler.
8:03 of 3rd period - Stopped by Brian Elliott with a rebound.
9:12 of 3rd period - Snap shot by David Krejci.
9:12 of 3rd period - Stopped by Brian Elliott without a rebound.
9:13 of 3rd period - Joe Thornton wins face-off versus Sam Gagner in Penguins zone.
9:19 of 3rd period - Penalty to Ryan Getzlaf is over, Ryan Getzlaf is back on ice.
9:40 of 3rd period - Slapshot by Mike Cammalleri.
9:40 of 3rd period - Stopped by Brian Elliott with a rebound.
10:00 of 3rd period - Slapshot by Christian Ehrhoff.
10:00 of 3rd period - Stopped by Brian Elliott without a rebound.
10:01 of 3rd period - Mikko Koivu wins face-off versus Bobby Ryan in Penguins zone.
10:05 of 3rd period - Minor Penalty to Andrew Cogliano for Goalie Interference.
10:06 of 3rd period - Ryan Getzlaf wins face-off versus Steven Stamkos in Penguins zone.
10:22 of 3rd period - Slapshot by Erik Karlsson.
10:22 of 3rd period - Shot Blocked by Dion Phaneuf.
11:34 of 3rd period - Brent Burns is hit by Mika Zibanejad and loses puck.
11:47 of 3rd period - Brent Burns is hit by Keith Aulie and loses puck.
12:05 of 3rd period - Penalty to Andrew Cogliano is over, Andrew Cogliano is back on ice.
12:41 of 3rd period - Minor Penalty to Dan Girardi for Slashing.
12:42 of 3rd period - Steven Stamkos wins face-off versus Joe Thornton in Capitals zone.
12:44 of 3rd period - Wrist shot by Steven Stamkos.
12:44 of 3rd period - Shot Misses the Net.
12:46 of 3rd period - Slapshot by Duncan Keith.
12:46 of 3rd period - Shot Misses the Net.
12:48 of 3rd period - Snap shot by Andrew Cogliano.
12:48 of 3rd period - Shot Misses the Net.
13:32 of 3rd period - Keith Aulie is hit by Matt Carle and loses puck.
13:37 of 3rd period - Slapshot by Ryan Getzlaf.
13:37 of 3rd period - Shot Misses the Net.
13:39 of 3rd period - Slapshot by Brent Burns.
13:39 of 3rd period - Stopped by Brian Elliott without a rebound.
13:40 of 3rd period - Sam Gagner wins face-off versus Joe Thornton in Penguins zone.
14:41 of 3rd period - Penalty to Dan Girardi is over, Dan Girardi is back on ice.
14:55 of 3rd period - Slapshot by Wayne Simmonds.
14:55 of 3rd period - Deflect By Ryan Getzlaf.
14:55 of 3rd period - Stopped by Brian Elliott without a rebound.
14:56 of 3rd period - Marcus Foligno wins face-off versus Ryan Getzlaf in Penguins zone.
15:05 of 3rd period - Wrist shot by Marcus Foligno.
15:05 of 3rd period - Stopped by Tuukka Rask without a rebound.
15:06 of 3rd period - Mikko Koivu wins face-off versus Riley Sheahan in Capitals zone.
15:06 of 3rd period - Shayne Gostisbehere is hit by Riley Sheahan and loses puck.
15:17 of 3rd period - Riley Sheahan is hit by Shayne Gostisbehere and loses puck.
15:22 of 3rd period - Snap shot by Jamie Benn.
15:22 of 3rd period - Goal by Jamie Benn - Penguins : 5 - Capitals : 5.
15:23 of 3rd period - Joe Thornton wins face-off versus Steven Stamkos in neutral zone.
15:27 of 3rd period - Off-side.
15:28 of 3rd period - Joe Thornton wins face-off versus Steven Stamkos in neutral zone.
15:55 of 3rd period - Andrew Cogliano is hit by Brent Burns and loses puck.
16:00 of 3rd period - Snap shot by Wayne Simmonds.
16:00 of 3rd period - Shot Misses the Net.
16:02 of 3rd period - Slapshot by Brent Burns.
16:02 of 3rd period - Stopped by Brian Elliott without a rebound.
16:03 of 3rd period - Mikko Koivu wins face-off versus Riley Sheahan in Penguins zone.
16:30 of 3rd period - Snap shot by Joe Thornton.
16:30 of 3rd period - Shot Blocked by Steve Downie.
18:13 of 3rd period - Snap shot by Mike Cammalleri.
18:13 of 3rd period - Stopped by Brian Elliott without a rebound.
18:14 of 3rd period - Joe Thornton wins face-off versus Riley Sheahan in Penguins zone.
18:39 of 3rd period - Derek Joslin is hit by Ryan Getzlaf and loses puck.
19:00 of 3rd period - Slapshot by Shayne Gostisbehere.
19:00 of 3rd period - Shot Blocked by Derek Joslin.
19:02 of 3rd period - Slapshot by Dan Girardi.
19:02 of 3rd period - Deflect By Mika Zibanejad.
19:02 of 3rd period - Stopped by Brian Elliott without a rebound.
19:03 of 3rd period - Joe Thornton wins face-off versus Riley Sheahan in Penguins zone.
19:10 of 3rd period - Snap shot by Joe Thornton.
19:10 of 3rd period - Stopped by Brian Elliott with a rebound.
19:12 of 3rd period - Snap shot by Blake Wheeler.
19:12 of 3rd period - Deflect By Joe Thornton.
19:12 of 3rd period - Shot Misses the Net.
19:12 of 3rd period - Puck is out of play.
19:13 of 3rd period - Mikko Koivu wins face-off versus Riley Sheahan in Penguins zone.
19:44 of 3rd period - Wrist shot by T.J. Oshie.
19:44 of 3rd period - Stopped by Brian Elliott with a rebound.
Goals for this period are 0 for Penguins vs 1 for Capitals.
Shots for this period are 6 for Penguins vs 13 for Capitals.

Overtime #1


0:01 of 1st overtime period - Joe Thornton wins face-off versus Steven Stamkos in neutral zone.
0:04 of 1st overtime period - Slapshot by Brent Burns.
0:04 of 1st overtime period - Stopped by Brian Elliott with a rebound.
0:06 of 1st overtime period - Wrist shot by Joe Thornton.
0:06 of 1st overtime period - Stopped by Brian Elliott with a rebound.
0:08 of 1st overtime period - Wrist shot by Mike Cammalleri.
0:08 of 1st overtime period - Stopped by Brian Elliott without a rebound.
0:09 of 1st overtime period - Joe Thornton wins face-off versus Steven Stamkos in Penguins zone.
0:36 of 1st overtime period - Wrist shot by Brent Burns.
0:36 of 1st overtime period - Shot Misses the Net.
0:40 of 1st overtime period - Snap shot by Mike Cammalleri.
0:40 of 1st overtime period - Shot Misses the Net.
0:42 of 1st overtime period - Slapshot by Erik Karlsson.
0:42 of 1st overtime period - Deflect By Joe Thornton.
0:42 of 1st overtime period - Shot Misses the Net.
0:42 of 1st overtime period - Puck is out of play.
0:43 of 1st overtime period - Bobby Ryan wins face-off versus Joe Thornton in Penguins zone.
1:33 of 1st overtime period - Snap shot by Max Pacioretty.
1:33 of 1st overtime period - Deflect By Andrew Cogliano.
1:33 of 1st overtime period - Shot Misses the Net.
1:33 of 1st overtime period - Puck is out of play.
1:34 of 1st overtime period - Andrew Cogliano wins face-off versus Mark Stone in Capitals zone.
1:35 of 1st overtime period - Snap shot by Max Pacioretty.
1:35 of 1st overtime period - Shot Misses the Net.
1:56 of 1st overtime period - Minor Penalty to Joe Thornton for Hooking.
1:57 of 1st overtime period - Jamie Benn wins face-off versus Steven Stamkos in Capitals zone.
2:20 of 1st overtime period - Minor Penalty to Steven Stamkos for Hooking.
2:21 of 1st overtime period - Mark Stone wins face-off versus Ryan Callahan in Penguins zone.
2:22 of 1st overtime period - Slapshot by Brent Burns.
2:22 of 1st overtime period - Deflect By Mark Stone.
2:22 of 1st overtime period - Goal by Mark Stone - Penguins : 5 - Capitals : 6.
Goals for this period are 0 for Penguins vs 1 for Capitals.
Shots for this period are 0 for Penguins vs 4 for Capitals.